 Dungeon Crawl Stone Soup version 0.31-a0-187-gba352fbbf7 (webtiles) character file.

Game seed: 9173931217722194848

75 qw the Shooter (level 4, -1/25 HPs)
             Began as a Deep Elf Hunter on June 22, 2023.
             Slain by a hobgoblin (3 damage)
             ... led by Robin
             ... on level 2 of the Dungeon.
             The game lasted 00:00:39 (1018 turns).

qw the Shooter (Deep Elf Hunter)                    Turns: 1018, Time: 00:00:39

Health: -1/25      AC:  4    Str: 10    XL:     4   Next: 11%
Magic:  6/6        EV: 12    Int: 14    God:
Gold:   53         SH:  5    Dex: 18    Spells: 3/3 levels left

rFire   . . .        Y - +0 shortbow (freeze)
rCold   + . .        (shield currently unavailable)
rNeg    . . .        a - +1 leather armour {rC+}
rPois   .            (no helmet)
rElec   .            (no cloak)
rCorr   +            (no gloves)
SInv    .            (no boots)
Will    .....        h - amulet of reflection
Stlth   ++           g - ring of resist corrosion
HPRegen 0.24/turn    (no ring)
MPRegen 0.10/turn

%: reflection
@: no status effects
A: no striking features
a: no special abilities


You were on level 2 of the Dungeon.
You visited 1 branch of the dungeon, and saw 2 of its levels.

You collected 53 gold pieces.


   Skills:
 - Level 1.5 Fighting
 + Level 7.5 Ranged Weapons
 - Level 2.4 Dodging
 - Level 1.2 Stealth


You had 3 spell levels left.
You didn't know any spells.
Your spell library was empty.

Inventory:

Hand Weapons
 Y - a +0 shortbow of freezing (weapon)
Armour
 a - a +1 leather armour of cold resistance (worn)
 c - a +0 ring mail
Jewellery
 g - a ring of resist corrosion (left hand)
 h - an amulet of reflection (around neck)
Potions
 b - a potion of lignification {unknown}
 d - a potion of cancellation
 e - a potion of curing
 f - a potion of mutation {unknown}

Dungeon Overview and Level Annotations

Branches:
Dungeon (2/15)

Altars:

Annotations:
D:2 Robin


Message History

The kobold shouts!
The arrow hits the quokka!
The arrow freezes the quokka.
You kill the quokka!
Robin roars a battlecry!
The goblins go into a battle-frenzy!
The goblin completely misses you.
You shoot an arrow. The arrow hits the goblin.
The arrow freezes the goblin.
The goblin is heavily wounded.
The goblin hits you with a +0 dagger.
A goblin comes into view. It is wielding a +0 club.
The goblin closely misses you.
The kobold drinks a potion.
The kobold seems to speed up.
1012 ||| Stepping ~*~*~tactically~*~*~ (outnumbered).
The goblin attacks as you move away! The goblin barely misses you.
The goblin attacks as you move away! You block the goblin's attack.
You shoot an arrow. The arrow barely misses the goblin.
The arrow hits the endoplasm.
The arrow freezes the endoplasm.
You kill the endoplasm!
The goblin barely misses you.
You shoot an arrow.
The arrow hits the goblin but does no damage.
The goblin is heavily wounded.
The goblin hits you with a +0 club. The goblin hits you with a +0 dagger.
The goblin barely misses you.
You shoot an arrow. The arrow closely misses the goblin.
The goblin barely misses you. The goblin hits you with a +0 club. x2
You shoot an arrow. The arrow hits the goblin.
The arrow freezes the goblin.
You kill the goblin!
The goblin barely misses you.
You shoot an arrow. The arrow closely misses the hobgoblin.
The arrow hits the goblin.
The arrow freezes the goblin.
The goblin is heavily wounded.
The goblin barely misses you. The hobgoblin misses you.
The goblin hits you but does no damage. You block the hobgoblin's attack.
The goblin hits you with a +0 club. The goblin barely misses you.
Robin throws the goblin at you!
You shoot an arrow. The arrow completely misses the goblin.
You hear a shout!
The hobgoblin hits you.
You die...

#..r#.#...# #.##.##.##
##S##.#...# #.........
g###......########.#####
.r...##...##.### #.#
#K..).......#..# #.# ###
)...g..g...###.###.# #..
#.w...wr?...#......# #.#
..#####gg.#..#.##..# #.#
#@gK#.##.##..###.# ###
#gg.#.##.........#
##.###...#.#####......#
#........#.#####.####.#
##.#######.......#..... #.#
#########.##.. #.# #.##..
#####.########### ###.##..
##...............###.#.###.


You could see a worm, Robin, a quokka, a hobgoblin (strong), 4 goblins, a ball
python and a kobold (fast).

Vanquished Creatures
  2 adders (D:2)
  A worm (D:2)
  6 bats
  8 endoplasms
  6 giant cockroaches
  5 goblins
  6 hobgoblins
  3 quokkas
  A ball python (D:1)
  A frilled lizard (D:1)
  5 kobolds
  4 rats
48 creatures vanquished.

Notes
Turn   | Place    | Note
-------+----------+-------------------------------------------
     0 | D:1      | qw the Deep Elf Hunter began the quest for the Orb.
     0 | D:1      | Reached XP level 1. HP: 12/12 MP: 3/3
     0 | D:1      | 0 ||| qw: Version: 0.3-a-9-g12657ce
     0 | D:1      | 0 ||| qw: Game counter: 1962
     0 | D:1      | 0 ||| qw: Always use a shield: true
     0 | D:1      | 0 ||| qw: God list: Okawaru
     0 | D:1      | 0 ||| qw: Allow faded altars: false
     0 | D:1      | 0 ||| qw: Do Orc after D:15 true
     0 | D:1      | 0 ||| qw: Do second Lair branch before Depths: true
     0 | D:1      | 0 ||| qw: Lair rune preference: random
     0 | D:1      | 0 ||| qw: Plans: Normal
     0 | D:1      | 0 ||| PLANNING D:1-11
   125 | D:1      | Reached skill level 6 in Ranged Weapons
   125 | D:1      | Reached XP level 2. HP: 16/16 MP: 4/4
   373 | D:1      | 373 ||| READING scroll labelled UCOACI HEAFE.
   374 | D:1      | 374 ||| READING scroll labelled YSEOTY FOW KAN.
   375 | D:1      | 375 ||| READING scroll labelled JUHANK LUYMA.
   376 | D:1      | 376 ||| DRINKING 2 cyan potions.
   377 | D:1      | 377 ||| DROPPING scroll of butterflies.
   442 | D:2      | Reached XP level 3. HP: 20/20 MP: 5/5
   571 | D:2      | Reached skill level 7 in Ranged Weapons
   733 | D:2      | 733 ||| UPGRADING to +1 leather armour of cold resistance.
   743 | D:2      | 743 ||| DROPPING +0 leather armour.
   744 | D:2      | 744 ||| UPGRADING to amulet of reflection.
   749 | D:2      | 749 ||| UPGRADING to ring of resist corrosion.
   750 | D:2      | 750 ||| READING scroll labelled NOOMNIGGAMP.
   751 | D:2      | 751 ||| DRINKING 2 bubbling cyan potions.
   925 | D:2      | Reached XP level 4. HP: 25/25 MP: 6/6
  1007 | D:2      | Noticed Robin
  1012 | D:2      | 1012 ||| Stepping ~*~*~tactically~*~*~ (outnumbered).
  1015 | D:2      | HP: 6/25 [goblin/+0 club[Robin] (5)]
  1017 | D:2      | HP: 2/25 [goblin/+0 club[Robin] (4)]
  1018 | D:2      | Slain by a hobgoblin

Levels and vault maps discovered:
D:1:      dpeg_arrival_shelter, layout_rooms
D:2:      layout_loops_cross, minmay_joined_circles, uniq_robin

Skill      XL: |  1  2  3 |
---------------+----------+-----
Ranged Weapons | 6 7 |  7.5
Fighting       | |  1.5
Dodging        | |  2.4
Stealth        | |  1.2

Action                     |  1- 3 |  4- 6 || total
---------------------------+-------+-------++-------
   Fire: Shortbow          |   128 |    19 ||   147
    Use: Scroll            |     4 |       ||     4
         Potion            |     2 |       ||     2
 Armour: Leather armour    |    14 |     2 ||    16
  Dodge: Dodged            |    38 |    14 ||    52
  Block: Other             |     1 |     3 ||     4

Table legend:
 A = Non-vault XP
 B = Vault XP
 C = Vault XP percentage of total XP
 D = Non-vault monster count
 E = Vault monster count
 F = Vault count percentage of total count
                 A         B        C        D         E       F
            +---------+---------+-------+---------+---------+-------
      Total |      98 |      10 |   9.3 |      42 |       6 |  12.5
            +---------+---------+-------+---------+---------+-------
        D:1 |      39 |       0 |   0.0 |      23 |       0 |   0.0
        D:2 |      59 |      10 |  14.5 |      19 |       6 |  24.0
            +---------+---------+-------+---------+---------+-------
